 Dungeon Sprint DCSS version 0.27-a0-1202-ge72e49191c (webtiles) character file.

Game seed: 12584749486363962663

789 mhtbhm the Thaumaturge (level 7, -7/37 HPs)
             Began as a Deep Elf Earth Elementalist on June 4, 2021.
             Was a Believer of Vehumet.
             Mangled by a catoblepas (12 damage)
             ... while petrified by a catoblepas
             ... in the Dungeon (Sprint IX: "|||||||||||||||||||||||||||||").
             The game lasted 00:02:06 (704 turns).

mhtbhm the Thaumaturge (Deep Elf Earth Elementalist) Turns: 704, Time: 00:02:07

Health: -7/37      AC:  4    Str:  8    XL:     7   Next: 56%
Magic:  24/26      EV:  2    Int: 22    God:    Vehumet [**....]
Gold:   0          SH:  0    Dex: 15    Spells: 18/33 levels left

rFire    . . .     SeeInvis .   k - +2 rapier (drain)
rCold    . . .     Faith    .   (no shield)
rNeg     + + +     Spirit   .   c - +0 robe
rPois    ∞         Reflect  .   l - +0 helmet
rElec    .         Harm     .   m - +0 cloak
rCorr    .         Rampage  .   (no gloves)
Will     .....     NoTele   +   (no boots)
Stlth    +++.......             (no amulet)
HPRegen  0.12/turn              n - +2 ring of evasion
MPRegen  0.20/turn              o - +3 ring of strength

@: petrified
A: no striking features
a: Renounce Religion


You were in the Dungeon.
You worshipped Vehumet.
Vehumet was pleased with you.
You visited 1 branch

Inventory:

Hand Weapons
 k - a +2 rapier of draining (weapon)
Missiles
 b - 13 stones
 p - a curare-tipped dart (quivered)
Armour
 c - a +0 robe (worn)
 l - a +0 helmet (worn)
 m - a +0 cloak (worn)
Jewellery
 n - a +2 ring of evasion (left hand)
 o - a +3 ring of strength (right hand)
Wands
 j - a wand of iceblast (10)
Scrolls
 f - 2 scrolls of amnesia
 i - 2 scrolls of blinking
Potions
 a - a potion of invisibility
 d - 5 potions of curing
 e - 2 potions of heal wounds
 g - 3 potions of magic
 h - a potion of berserk rage


   Skills:
 + Level 0.4 Fighting
 + Level 5.6 Dodging
 + Level 5.1 Stealth
 + Level 13.7 Spellcasting
 + Level 1.1 Transmutations
 + Level 12.7 Earth Magic


You had 18 spell levels left.
You knew the following spells:

 Your Spells              Type           Power      Damage    Failure   Level
a - Sandblast             Erth           100%       2d20      1%          1
b - Passwall              Tmut/Erth      37%        N/A       1%          2
c - Stone Arrow           Conj/Erth      86%        3d12      1%          3
d - Lee's Rapid Deconstr  Erth           31%        3d17*     1%          5
e - Petrify               Tmut/Erth      45%        N/A       2%          4

Your spell library contained the following spells:

 Spells                   Type           Power      Damage    Failure   Level
 Shock                    Conj/Air       60%        1d6       4%          1


Dungeon Overview and Level Annotations

Branches:
Dungeon (1/1)

Altars:
Cheibriados
Dithmenos
Elyvilon
Fedhas
Gozag
Hepliaklqana
Kikubaaqudgha
Makhleb
Nemelex Xobeh
Okawaru
Qazlal
Ru
Sif Muna
Trog
Uskayaw
Vehumet
Wu Jian
Xom
Yredelemnul
Zin
The Shining One
Beogh
Jiyva
Lugonu


Message History

Confirm with . or Enter, or press ? or * to list all spells.
Aiming: Petrify (dangerous; 2% risk of failure)
Press: ? - help, Shift-Dir - straight line, f - boulder beetle
Aim: a boulder beetle (chance to affect: 52%)
The boulder beetle is moving more slowly.
The boulder beetle leaps!
Unknown command.
The boulder beetle curls into a ball and begins rolling!
The catoblepas breathes a plume of calcifying dust at you.
The blast of calcifying dust hits you.
Unknown command.
You are engulfed in calcifying dust.
You are engulfed in calcifying dust.
You are slowing down.
The boulder beetle is engulfed in calcifying dust.
Unknown command.
Unknown command.
Unknown command.
You are engulfed in calcifying dust.
Your limbs have turned to stone.
The boulder beetle is engulfed in calcifying dust. x2
You have turned to stone.
You are engulfed in calcifying dust.
The boulder beetle is engulfed in calcifying dust.
You are engulfed in calcifying dust.
The troll is engulfed in calcifying dust.
The boulder beetle is engulfed in calcifying dust.
The boulder beetle is no longer petrified.
The troll is engulfed in calcifying dust.
The catoblepas gores you!! The boulder beetle bites you!
The catoblepas gores you!!
* * * LOW HITPOINT WARNING * * *
The catoblepas breathes a plume of calcifying dust at you.
The blast of calcifying dust hits you.
* * * LOW HITPOINT WARNING * * *
The blast of calcifying dust hits the boulder beetle but does no damage.
The boulder beetle is engulfed in calcifying dust.
The boulder beetle is moving more slowly.
The boulder beetle leaps! x2
You are engulfed in calcifying dust.
The catoblepas gores you!!
You die... ▓▓▓▓▓▓▓▓▓▓▓▓▓▓▓▓▓▓▓▓▓▓▓▓▓▓▓▓ ____'..)...[.)§§@Y..BTeu..Bu ▓▓▓▓▓▓▓▓▓▓▓▓▓▓▓▓▓▓▓▓▓▓▓▓▓▓▓▓

You could see a catoblepas, a boulder beetle (petrifying), a cyan ugly thing, a deep elf pyromancer and a troll (petrified).

Vanquished Creatures
  A komodo dragon (D)
  An acid dragon (D)
  An orc warrior (D)
  An ogre (D)
  A centaur (D)
  A kobold brigand (D)
  A howler monkey (D)
  A hound (D)
  An iguana (D)
  An adder (D)
  A goblin (D)
  A hobgoblin (D)
  2 jackals (D)
  A ball python (D)
  A jackal zombie (D)
16 creatures vanquished.

Notes
Turn   | Place    | Note
-------+----------+-------------------------------------------
     0 | D        | mhtbhm the Deep Elf Earth Elementalist began the quest for
                  | the Orb.
     0 | D        | Reached XP level 1. HP: 10/10 MP: 6/6
   270 | D        | Noticed a howler monkey
   270 | D        | Noticed an iguana
   270 | D        | Noticed a hound
   270 | D        | Noticed an ogre
   274 | D        | Reached skill level 4 in Spellcasting
   274 | D        | Reached skill level 5 in Earth Magic
   274 | D        | Reached XP level 2. HP: 15/15 MP: 5/9
   275 | D        | Killed a howler monkey
   276 | D        | Reached skill level 5 in Spellcasting
   276 | D        | Reached XP level 3. HP: 19/19 MP: 3/12
   281 | D        | Reached skill level 6 in Spellcasting
   281 | D        | Reached XP level 4. HP: 22/24 MP: 0/14
   291 | D        | Reached skill level 7 in Spellcasting
   292 | D        | Killed an ogre
   293 | D        | Reached skill level 9 in Spellcasting
   293 | D        | Reached XP level 5. HP: 27/28 MP: 12/18
   296 | D        | Learned a level 2 spell: Passwall
   300 | D        | Learned a level 3 spell: Stone Arrow
   306 | D        | Learned a level 5 spell: Lee's Rapid Deconstruction
   311 | D        | Learned a level 4 spell: Petrify
   335 | D        | Found a snail-covered altar of Cheibriados.
   335 | D        | Found a shadowy altar of Dithmenos.
   335 | D        | Found a white marble altar of Elyvilon.
   335 | D        | Found a blossoming altar of Fedhas.
   335 | D        | Found an opulent altar of Gozag.
   336 | D        | Found a hazy altar of Hepliaklqana.
   337 | D        | Found a viscous altar of Jiyva.
   338 | D        | Found an ancient bone altar of Kikubaaqudgha.
   339 | D        | Found a corrupted altar of Lugonu.
   340 | D        | Found a burning altar of Makhleb.
   341 | D        | Found a sparkling altar of Nemelex Xobeh.
   342 | D        | Found an iron altar of Okawaru.
   343 | D        | Found a stormy altar of Qazlal.
   344 | D        | Found a sacrificial altar of Ru.
   345 | D        | Found a shimmering blue altar of Sif Muna.
   346 | D        | Found a bloodstained altar of Trog.
   347 | D        | Found a hide-covered altar of Uskayaw.
   348 | D        | Found a radiant altar of Vehumet.
   349 | D        | Found an ornate altar of the Wu Jian Council.
   350 | D        | Found a shimmering altar of Xom.
   351 | D        | Found a basalt altar of Yredelemnul.
   352 | D        | Found a glowing silver altar of Zin.
   353 | D        | Found a glowing golden altar of the Shining One.
   356 | D        | Became a worshipper of Vehumet
   394 | D        | Noticed an orc warrior
   394 | D        | Noticed a komodo dragon
   394 | D        | Noticed an acid dragon
   394 | D        | Noticed a centaur
   399 | D        | Reached skill level 10 in Spellcasting
   399 | D        | Reached skill level 10 in Earth Magic
   399 | D        | Killed a komodo dragon
   399 | D        | Killed an orc warrior
   399 | D        | Reached * piety under Vehumet
   399 | D        | Offered knowledge of Shock by Vehumet.
   400 | D        | Reached skill level 5 in Dodging
   400 | D        | Reached skill level 5 in Stealth
   400 | D        | Reached skill level 12 in Spellcasting
   400 | D        | Reached XP level 6. HP: 24/33 MP: 3/23
   400 | D        | Reached XP level 7. HP: 27/37 MP: 3/25
   521 | D        | Reached skill level 13 in Spellcasting
   523 | D        | Reached ** piety under Vehumet
   693 | D        | Noticed a boulder beetle
   693 | D        | Noticed a catoblepas
   693 | D        | Noticed a troll
   693 | D        | Noticed a deep elf pyromancer
   693 | D        | Noticed a boulder beetle
   693 | D        | Noticed a cyan ugly thing
   704 | D        | Mangled by a catoblepas

Illustrated notes

Levels and vault maps discovered:
D:        linesprint [early_d, line_temple, items_1, d_10, items_2, lair_1,
          lair_end, items_3, orc_1, orc_end, items_4, d_15, swamp_1, shoals_1,
          snake_1, spider_1, d_20, vaults_1, items_5, swamp_end, shoals_end,
          snake_end, spider_end, vaults_end, d_27, items_6, zot_1, zot_end,
          crypt_end, forest_end, elf_end, slime_end, tomb_end, abyss_end,
          pan_hell_end]

Skill      XL: |  1  2  3  4  5  6  7 |
---------------+----------------------+-----
Earth Magic    | 5 6 7 9 12 | 12.7
Stealth        | 3 4 5 |  5.1
Spellcasting   | 4 5 6 9 12 13 | 13.7
Dodging        | 3 4 5 |  5.6
Fighting       | |  0.4
Transmutations | |  1.1

Action                   |  1- 3 |  4- 6 |  7- 9 || total
-------------------------+-------+-------+-------++-------
 Cast: Sandblast         |    14 |     3 |       ||    17
       Lee's Rapid Decon |       |     3 |     3 ||     6
       Petrify           |       |       |     1 ||     1
  Use: Potion            |     1 |     2 |       ||     3
Armor: Robe              |     1 |     1 |       ||     2
Dodge: Dodged            |     6 |     3 |     1 ||    10

Table legend: (Time is in decaauts)
 A = Elapsed time spent in this place.
 B = Non-inter-level travel time spent in this place.
 C = Inter-level travel time spent in this place.
 D = Time resting spent in this place.
 E = Time spent auto-exploring this place.
 F = Levels seen in this place.
 G = Mean time per level.
                   A        B        C        D        E       F      G
               +--------+--------+--------+--------+--------+-----+--------+
         Total |    686 |    686 |      0 |    528 |      4 |   1 |  686.0 |
       Dungeon |    686 |    686 |      0 |    528 |      4 |   1 |  686.0 |
               +--------+--------+--------+--------+--------+-----+--------+

Top non-repeatable levels by time:
       D: 686 daAuts
